 Dungeon Crawl Stone Soup version 0.24-a0-57-gac335f2 (webtiles) character file.

Game seed: 2087555358070670390

240762 Amnesiac the Devastator (level 19, -1/128 HPs)
             Began as a Tengu Conjurer on Feb 4, 2019.
             Was the Champion of Dithmenos.
             Slain by a hell knight
             ... wielding a +1 great mace of flaming
              (7 damage)
             ... on level 2 of the Elven Halls.
             The game lasted 01:49:34 (58695 turns).

Amnesiac the Devastator (Tengu Conjurer)           Turns: 58695, Time: 01:49:35

Health: -1/128     AC: 21    Str:  9    XL:     19   Next: 33%
Magic:  0/38       EV: 28    Int: 22    God:    Dithmenos [******]
Gold:   684        SH:  0    Dex: 16    Spells: 8/47 levels left

rFire    . . .     SeeInvis +   k - +9 scimitar (elec)
rCold    . . .     Gourm    .   H - +3 buckler {AC+3}
rNeg     . . .     Faith    .   V - +1 swamp dragon scales
rPois    +         Spirit   +   (helmet restricted)
rElec    .         Reflect  .   M - +2 cloak
rCorr    .         Harm     .   D - +2 pair of gloves
MR       +....                  (boots unavailable)
Stlth    ..........             x - amulet of guardian spirit
HPRegen  0.31/turn              A - ring of see invisible
MPRegen  0.26/turn              i - +4 ring of evasion

@: confused, flying quickly and evasively, slowed, wreathed by umbra, very slow
A: beak, talons 3, able to fly
}: 2/15 runes: decaying, gossamer
a: Stop Flying, Shadow Step, Shadow Form, Renounce Religion


You were on level 2 of the Elven Halls.
You worshipped Dithmenos.
Dithmenos was exalted by your worship.
You were not hungry.

You visited 7 branches of the dungeon, and saw 34 of its levels.
You also visited: Sewer and Ice Cave.

You collected 4516 gold pieces.
You spent 3832 gold pieces at shops.

Inventory:

Hand Weapons
 k - a +9 scimitar of electrocution (weapon)
 J - the +10 hand crossbow "Womoc" {penet, rF+ Str+4}
   (You found it on level 15 of the Dungeon)

   Ammo fired by it will pass through the targets it hits, potentially hitting
   all targets in its path until it reaches maximum range.
   It affects your strength (+4).
   It protects you from fire.
Armour
 D - a +2 pair of gloves (worn)
 H - a +3 buckler of protection (worn)
 M - a +2 cloak (worn)
 V - +1 swamp dragon scales (worn)
Magical Staves
 l - an uncursed staff of wizardry
Jewellery
 i - a +4 ring of evasion (right hand)
 x - an amulet of guardian spirit (around neck)
 y - an uncursed ring of resist corrosion
 A - a ring of see invisible (left hand)
 C - the ring "Qaq Fud" {+Blink rPois MR+}
   (You found it on level 9 of the Dungeon)

   [ring of protection from magic]

   It protects you from poison.
   It affects your resistance to hostile enchantments.
   It lets you blink.
Wands
 E - a wand of paralysis (2)
 K - a wand of digging (10)
 P - a wand of iceblast (6)
Scrolls
 c - 14 scrolls of identify {!r}
 g - 9 scrolls of remove curse {!r}
 j - 4 scrolls of amnesia {!r}
 m - a scroll of fear {!r}
 n - 16 scrolls of magic mapping {!r}
 t - 6 scrolls of fog {!r}
 v - 24 scrolls of teleportation {!r}
 G - 3 scrolls of blinking {!r}
Potions
 a - 4 potions of mutation {!q}
 b - a potion of magic {!q}
 f - 2 potions of invisibility {!q}
 p - 4 potions of might {!q}
 q - 10 potions of curing {!q}
 r - 3 potions of heal wounds {!q}
 u - 6 potions of brilliance {!q}
 z - 9 potions of agility {!q}
 L - 7 potions of haste {!q}
 N - 5 potions of cancellation {!q}
 O - a potion of resistance {!q}
Miscellaneous
 s - a crystal ball of energy
Comestibles
 h - a ration


   Skills:
 - Level 17.2 Fighting
 + Level 5.0 Long Blades
 - Level 10.1 Armour
 - Level 15.4 Dodging
 - Level 2.0 Stealth
 - Level 4.2 Shields
 - Level 14.5 Spellcasting
 - Level 20.0 Conjurations
 - Level 2.9 Charms
 - Level 4.3 Summonings
 - Level 5.0 Necromancy
 - Level 3.0 Translocations
 - Level 2.9 Transmutations
 - Level 5.0 Air Magic
 - Level 5.0 Earth Magic


You had 8 spell levels left.
You knew the following spells:

 Your Spells              Type           Power        Failure   Level  Hunger
a - Bolt of Draining      Conj/Necr      ######....   1%          5    ###....
b - Lightning Bolt        Conj/Air       ######....   1%          5    ###....
c - Force Lance           Conj/Tloc      ######..     1%          4    None
d - Orb of Destruction    Conj           #######...   1%          7    ######.
f - Apportation           Tloc           ####..       2%          1    None
g - Summon Lightning Spi  Summ/Air       #####...     12%         4    None
h - Iron Shot             Conj/Erth      ######....   8%          6    #####..
i - Passwall              Tmut/Erth      ####....     2%          2    None
j - Sublimation of Blood  Necr           #####.....   1%          2    None
l - Swiftness             Chrm/Air       ####....     2%          2    None
z - Confusing Touch       Hex            ###...       9%          1    None

Your spell library contained the following spells:

 Spells                   Type           Power        Failure   Level  Hunger
 Magic Dart               Conj           ####         0%          1    None
 Searing Ray              Conj           ######       0%          2    None
 Animate Skeleton         Necr           N/A          1%          1    None
 Flame Tongue             Conj/Fire      #####        1%          1    None
 Sandblast                Erth           #####.       1%          1    None
 Shock                    Conj/Air       ####         1%          1    None
 Summon Small Mammal      Summ           ####         1%          1    None
 Corpse Rot               Necr           N/A          1%          2    None
 Dazzling Spray           Conj/Hex       ######       1%          3    None
 Static Discharge         Conj/Air       ######..     1%          3    None
 Stone Arrow              Conj/Erth      ######       1%          3    None
 Fulminant Prism          Conj/Hex       ######....   1%          4    None
 Iskenderun's Mystic Bla  Conj           #######.     1%          4    None
 Sticky Flame             Conj/Fire      ######..     1%          4    None
 Iskenderun's Battlesphe  Conj/Chrm      ######..     1%          5    ###....
 Call Imp                 Summ           #####...     2%          2    None
 Fireball                 Conj/Fire      ######....   3%          5    ###....
 Venom Bolt               Conj/Pois      ######....   3%          5    ###....
 Call Canine Familiar     Summ           #####...     4%          3    None
 Bolt of Magma            Conj/Fire/Erth ######....   8%          5    ###....
 Corona                   Hex            ###....      9%          1    None
 Summon Guardian Golem    Hex/Summ       ####....     11%         3    None
 Airstrike                Air            #####.....   11%         4    None
 Portal Projectile        Hex/Tloc       ###...       14%         3    None
 Ignite Poison            Fire/Tmut/Pois ###.....     17%         3    None
 Bolt of Fire             Conj/Fire      ######....   22%         6    #####..
 Passage of Golubria      Tloc           N/A          24%         4    None
 Leda's Liquefaction      Hex/Erth       ####......   30%         4    None
 Agony                    Necr           #####...     30%         5    ###....
 Dispel Undead            Necr           #####...     30%         5    ###....
 Lee's Rapid Deconstruct  Erth           #####.....   30%         5    ###....
 Summon Ice Beast         Ice/Summ       ####....     34%         4    None
 Excruciating Wounds      Chrm/Necr      ####......   41%         5    ###....
 Spellforged Servitor     Conj/Summ      ######....   43%         7    ######.
 Cause Fear               Hex            ###.......   63%         4    None
 Statue Form              Tmut/Erth      ####.....    94%         6    #####..
 Darkness                 Hex            ###.......   100%        6    #####..
 Invisibility             Hex            ###.....     100%        6    #####..
 Ring of Flames           Chrm/Fire      ###.......   100%        7    ######.
 Ignition                 Fire           ###.......   100%        8    #######
 Shatter                  Erth           #####.....   100%        9    #######


Dungeon Overview and Level Annotations

Branches:
Dungeon (15/15)            Temple (1/1) D:7            Lair (6/6) D:8
  Swamp (4/4) Lair:3       Spider (4/4) Lair:4        Slime (0/5) Lair:5
    Orc (2/2) D:11            Elf (2/3) Orc:2        Vaults (0/5) D:14
 Depths (0/5) D:15

Altars:
Ashenzari
Cheibriados
Dithmenos
Elyvilon
Fedhas
Gozag
Hepliaklqana
Kikubaaqudgha
Makhleb
Nemelex Xobeh
Okawaru
Qazlal
Ru
Sif Muna
Trog
Uskayaw
Vehumet
Wu Jian
Xom
Yredelemnul
Zin
The Shining One
Jiyva

Shops:
D:5 *   D:6 [([[   D:9 [   D:10 *   D:13 (   Orc:1 *   Orc:2 }(!   Elf:1 !((

Portals:
Pandemonium: Orc:2

Annotations:
Lair:5 1 runed translucent door, Baiput's ghost, journeyman GrFi
Swamp:1 3 runed translucent doors, mhoghedin's ghost, adept KoFi
Elf:2 3 runed translucent doors


Innate Abilities, Weirdness & Mutations

You have a beak for a mouth.
You have claws for feet.
You can fly continuously.


Message History

The deep elf mage completely misses you.
The ice beast closely misses you.
You riposte.
You slice the ice beast!!
You peck the ice beast, but do no damage.
The ice beast is severely wounded.
The +1 war axe of electrocution completely misses you.
You slash the ice beast!
You kill the ice beast!
You block the hell knight's attack.
The +1 war axe of electrocution closely misses you.
You riposte.
You hit the +1 war axe of electrocution but do no damage.
You peck the +1 war axe of electrocution, but do no damage.
The +1 war axe of electrocution is moderately damaged.
The deep elf mage gestures wildly while chanting.
The deep elf mage blinks!
The deep elf archer unwields a +0 shortbow.
The deep elf archer wields a +0 dagger.
The deep elf archer barely misses you.
The hell knight hits you with a +1 great mace of flaming!
* * * LOW HITPOINT WARNING * * *
The hell knight burns you.
* * * LOW HITPOINT WARNING * * *
The +1 war axe of electrocution misses you.
You riposte.
You closely miss the +1 war axe of electrocution.
The +1 war axe of electrocution is moderately damaged.
You hit the deep elf mage. You claw the deep elf mage.
The deep elf mage is severely wounded.
The hell knight completely misses you.
You riposte.
You hit the hell knight.
The hell knight is lightly wounded.
The +1 war axe of electrocution hits you.
* * * LOW HITPOINT WARNING * * *
The deep elf mage barely misses you. You block the hell knight's attack.
The deep elf archer hits you with a +0 dagger!
* * * LOW HITPOINT WARNING * * *
The +1 war axe of electrocution barely misses you.
You riposte.
You miss the +1 war axe of electrocution.
The +1 war axe of electrocution is moderately damaged.
The deep elf archer unwields a +0 longbow.
The deep elf archer wields a -3 short sword.
The deep elf archer completely misses you.
The deep elf mage completely misses you.
You riposte.
You barely miss the deep elf mage.
The deep elf mage is severely wounded.
The deep elf archer gestures at you while chanting.
You are confused.
All of the chunks of flesh in your inventory have rotted away.
You are too injured to fight recklessly!
You are too injured to fight recklessly!
You are too injured to fight recklessly!
You are too injured to fight recklessly!
You are too injured to fight recklessly!
You are too injured to fight recklessly!
You slash the deep elf archer! You peck the deep elf archer.
The deep elf archer is moderately wounded.
The hell knight misses you.
The +1 war axe of electrocution hits you.
* * * LOW HITPOINT WARNING * * *
The deep elf mage casts a spell.
The deep elf mage blinks!
The hell knight hits you with a +1 great mace of flaming!!
* * * LOW HITPOINT WARNING * * *
The hell knight burns you!
You die...

.... ....... ....
................... ....
.............:.....
#...##..................
.....#..................
.....................e..
..............§§§.§.....
..).)..........§(e......
..)).#....)).§(e@p§.....
.)..#.......(§§.ee§.....
.....#.)(..()...§§###...
........)...).....#(#. .
..................###...
........................
.....#..................
#...##.................
+###################


You could see a hell knight, 3 deep elf archers, 2 deep elf magi and a +1 war
axe of electrocution.

Vanquished Creatures
  Nikola (Spider:1)
  Arachne (Spider:4)
  A tentacled monstrosity (Swamp:3)
  A thorn hunter (Swamp:3)
  Agnes (Spider:4)
  2 storm dragons (D:14)
  Roxanne (Spider:4)
  4 ghost moths
  Louise (Spider:1)
  6 emperor scorpions
  The ghost of Ratty the Lord of Darkness, a journeyman DsNe of Kikubaaqudgha (Spider:3)
  A stone giant (Orc:2)
  2 very ugly things (Swamp:4)
  5 entropy weavers
  A deep elf annihilator (D:14)
  A dire elephant (D:15)
  4 spark wasps
  An ettin (Orc:2)
  A fire dragon (D:14)
  Harold (D:8)
  Erica (D:10)
  19 hydras
  A merfolk avatar (Lair:6)
  2 ghost crabs
  3 shambling mangroves
  4 centaur warriors
  7 alligators
  5 dancing weapons
  4 tengu warriors
  7 two-headed ogres
  A queen ant (Lair:5)
  12 death yaks
  Sonja (Lair:1)
  6 orc high priests (Orc:2)
  15 deep elf knights
  A sea snake (Lair:6)
  A sixfirhy (Orc:2)
  8 unseen horrors
  A flayed ghost (D:14)
  3 spriggan druids
  An infernal demonspawn (Orc:2)
  11 swamp dragons
  5 deep elf archers (Elf:1)
  Pikel (D:5)
  29 deep elf magi
  A harpy (shapeshifter) (D:14)
  15 orb spiders
  6 orc knights
  17 wolf spiders
  7 ugly things
  8 orc sorcerers
  8 manticores
  3 cyclopes
  A moth of wrath (Spider:1)
  A black mamba (Lair:6)
  Joseph (D:9)
  7 elephants (Lair:6)
  A gargoyle (D:9)
  An orange demon (Orc:2)
  4 centaur skeletons
  3 ice statues (IceCv)
  A torpor snail (Spider:3)
  15 spiny frogs
  3 rime drakes
  An efreet (D:14)
  10 komodo dragons
  A freezing wraith (D:14)
  3 ice devils
  17 demonic crawlers
  2 wind drakes (Lair:6)
  9 trolls
  5 tyrant leeches
  A troll (shapeshifter) (D:14)
  5 polar bears
  24 hornets
  Grinder (D:5)
  36 jumping spiders
  6 blink frogs
  4 bog bodies
  6 dream sheep
  A blink frog (shapeshifter) (D:9)
  13 hippogriffs
  19 slime creatures
  A centaur simulacrum (D:12)
  6 shadows
  57 redbacks
  4 vampires
  A water elemental (Elf:1)
  3 wyverns
  53 yaks
  9 spriggans
  18 tarantellas
  Eustachio (D:5)
  A wraith (D:10)
  2 basilisks
  3 hogs (D:7)
  5 hungry ghosts
  24 vampire mosquitoes
  A neqoxec (Orc:2)
  2 steam dragons
  A human (D:7)
  10 insubstantial wisps
  4 wargs
  16 swamp worms
  25 soldier ants (Lair:5)
  2 acid dragons (D:15)
  28 water moccasins
  14 porcupines
  34 orc warriors
  4 slaves
  11 ice beasts
  3 phantoms
  13 swamp drakes
  2 necrophages
  9 ogres
  9 wolves
  7 centaurs
  24 crocodiles
  4 big kobolds
  23 bullfrogs
  A water moccasin zombie (D:6)
  An earth elemental (Elf:1)
  2 wyvern zombies
  3 troll zombies (D:11)
  4 scorpions
  9 killer bees
  5 wights
  7 howler monkeys
  7 electric eels
  9 crimson imps
  5 centaur zombies
  A quasit (D:14)
  10 jellies
  9 hounds
  22 orc wizards
  2 bullfrog skeletons
  28 orc priests
  A gnoll shaman (D:6)
  Terence (D:3)
  6 iguanas
  30 worker ants
  5 ogre zombies (D:11)
  A hound zombie (D:5)
  2 hound skeletons (D:9)
  3 worker ant zombies
  A howler monkey skeleton (D:4)
  5 gnolls (D:6)
  32 adders
  2 river rats (Sewer)
  3 shadow imps
  7 oozes
  2 adder skeletons
  2 adder zombies
  2 worms (D:3)
  2 dart slugs
  5 leopard geckos
  85 orcs
  4 giant cockroaches
  5 goblins
  7 hobgoblins
  9 jackals
  A quokka (D:7)
  12 ball pythons (Sewer)
  4 bats
  6 frilled lizards
  A goblin skeleton (D:9)
  2 goblin zombies (D:9)
  5 hobgoblin skeletons (D:11)
  5 hobgoblin zombies
  20 kobolds
  A kobold skeleton (D:9)
  A kobold zombie (D:9)
  A leopard gecko skeleton (D:4)
  A leopard gecko zombie (D:7)
  4 orc skeletons
  18 orc zombies
  A quokka zombie (D:8)
  40 rats
  A spectral orc (D:7)
  A plant (Lair:6)
1359 creatures vanquished.

Vanquished Creatures (collateral kills)
  A death yak (Lair:1)
  An orc sorcerer (Orc:2)
  2 yaks (Lair:1)
4 creatures vanquished.

Vanquished Creatures (others)
  An unseen horror (D:14)
  2 tyrant leeches
  A hornet (Spider:4)
  A swamp drake (Swamp:2)
  An orc (Orc:1)
  21 fungi
  16 plants
  2 withered plants (Lair:5)
45 creatures vanquished.

Grand Total: 1408 creatures vanquished

Notes
Turn   | Place    | Note
-------+----------+-------------------------------------------
     0 | D:1      | Amnesiac the Tengu Conjurer began the quest for the Orb.
     0 | D:1      | Reached XP level 1. HP: 10/10 MP: 4/4
   121 | D:2      | Reached skill level 6 in Conjurations
   121 | D:2      | Reached XP level 2. HP: 8/15 MP: 0/6
   125 | D:2      | Learned a level 2 spell: Searing Ray
   366 | D:3      | Noticed Terence
   407 | D:3      | Found a faded altar of an unknown god.
   415 | D:3      | Reached XP level 3. HP: 18/19 MP: 0/8
   479 | D:4      | Noticed an ogre
   512 | D:4      | Reached XP level 4. HP: 14/24 MP: 2/10
   727 | D:3      | Found a glowing drain.
   818 | Sewer    | Entered a sewer
  1052 | Sewer    | Learned a level 4 spell: Iskenderun's Mystic Blast
  1056 | Sewer    | Gained mutation: You can fly continuously. [Tengu growth]
  1056 | Sewer    | Reached XP level 5. HP: 28/28 MP: 6/11
  1236 | Sewer    | Reached skill level 7 in Conjurations
  1497 | Sewer    | Reached XP level 6. HP: 22/32 MP: 6/13
  1513 | Sewer    | Reached skill level 8 in Conjurations
  2246 | D:4      | Reached XP level 7. HP: 36/36 MP: 8/14
  2292 | D:4      | Reached skill level 9 in Conjurations
  3413 | D:5      | Entered Level 5 of the Dungeon
  3441 | D:5      | Noticed Pikel
  3543 | D:5      | Noticed Eustachio
  3554 | D:4      | Reached skill level 5 in Spellcasting
  3743 | D:5      | Killed Eustachio
  3743 | D:5      | Reached skill level 10 in Conjurations
  3743 | D:5      | Reached XP level 8. HP: 41/41 MP: 3/16
  4226 | D:5      | Killed Pikel
  4360 | D:5      | Found Dox Soet's General Store.
  4390 | D:5      | Bought a potion of heal wounds for 50 gold pieces
  4390 | D:5      | Bought a scroll of identify for 20 gold pieces
  4561 | D:5      | Found an iron altar of Okawaru.
  4636 | D:5      | Noticed Grinder
  4647 | D:5      | Killed Grinder
  4647 | D:5      | Reached XP level 9. HP: 45/45 MP: 5/22
  5039 | D:6      | Got a scorched spear
  5040 | D:6      | Identified the +0 spear "Hotoos" {protect, rPois rF++ Str+4
                  | Dex-4} (You found it on level 6 of the Dungeon)
  5053 | D:6      | Found an iron altar of Okawaru.
  5835 | D:6      | Found Tiofukk's Antique Armour Boutique.
  6020 | D:6      | Found an opulent altar of Gozag.
  6215 | D:6      | Found Mosegicon's Antique Weapon Shoppe.
  6244 | D:6      | Found Gaopn's Armour Shoppe.
  6266 | D:6      | Identified the +3 short sword "Starlight" {flame, rN+
                  | Str+3}
  6484 | D:6      | Found Ulustopi's Antique Armour Emporium.
  6641 | D:7      | Found a staircase to the Ecumenical Temple.
  6664 | Temple   | Entered the Ecumenical Temple
  7464 | D:2      | You are sucked into a shaft for 2 floors!
  7749 | D:3      | Killed Terence
  8089 | D:7      | Found an ancient bone altar of Kikubaaqudgha.
  8093 | D:7      | Found a deep blue altar of Sif Muna.
  8098 | D:7      | Reached skill level 10 in Spellcasting
  8273 | D:7      | Found a shadowy altar of Dithmenos.
  8291 | D:7      | Became a worshipper of Dithmenos the Shadowed
  8393 | D:6      | Reached skill level 11 in Conjurations
  9049 | D:1      | Reached * piety under Dithmenos
  9467 | D:7      | Reached skill level 12 in Conjurations
  9577 | D:7      | Learned a level 1 spell: Confusing Touch
  9589 | D:7      | Reached XP level 10. HP: 30/50 MP: 3/25
  9966 | D:7      | Found a basalt altar of Yredelemnul.
 10090 | D:7      | Found a deep blue altar of Sif Muna.
 10209 | D:6      | Bought a runed buckler for 217 gold pieces
 10373 | D:8      | Found a staircase to the Lair.
 10379 | D:8      | Reached skill level 1 in Shields
 10720 | D:8      | You are sucked into a shaft!
 10958 | D:9      | Reached ** piety under Dithmenos
 11216 | D:8      | HP: 2/50 [yak (15)]
 11800 | D:8      | Noticed Harold
 11861 | D:9      | Reached skill level 1 in Fighting
 11861 | D:9      | Reached XP level 11. HP: 56/56 MP: 2/28
 11961 | D:9      | Noticed Joseph
 11967 | D:9      | Killed Joseph
 12530 | D:8      | Killed Harold
 12530 | D:8      | Reached *** piety under Dithmenos
 12857 | D:8      | Learned a level 4 spell: Fulminant Prism
 12862 | D:8      | Learned a level 4 spell: Force Lance
 12864 | D:8      | Learned a level 1 spell: Apportation
 13119 | D:6      | Bought an embroidered cloak for 210 gold pieces
 13327 | D:8      | Reached skill level 5 in Dodging
 13590 | D:9      | Identified the cursed ring of the Gloaming {-Tele MR- Str+6
                  | Int+4 Dex-3}
 13701 | D:9      | Found a runed translucent door.
 13704 | D:9      | Noticed a four-headed hydra
 13718 | D:9      | Found a runed translucent door.
 13724 | D:9      | Found a runed translucent door.
 13756 | D:9      | Noticed a centaur warrior
 13762 | D:9      | Killed a centaur warrior
 13762 | D:9      | Reached skill level 5 in Fighting
 13960 | D:9      | Killed an unseen horror
 14049 | D:9      | Found a glowing golden altar of the Shining One.
 14273 | D:9      | Found Jotsefas's Armour Boutique.
 14436 | D:9      | Got a flickering platinum amulet
 14445 | D:9      | Got a shimmering tin ring
 14448 | D:9      | Got a scintillating bronze ring
 14474 | D:9      | Identified the ring "Tuitetad" {rPois rF+ rC- AC+1 Int+4}
                  | (You found it on level 9 of the Dungeon)
 14476 | D:9      | Identified the ring "Qaq Fud" {+Blink rPois MR+} (You found
                  | it on level 9 of the Dungeon)
 14498 | D:10     | Entered Level 10 of the Dungeon
 14508 | D:10     | Found Foyd's Demolitions Depot.
 15115 | D:10     | Reached **** piety under Dithmenos
 15613 | D:10     | Identified the amulet "Supp" {Reflect rPois rN++ MR+++
                  | Dex-5 SH+2} (You found it on level 9 of the Dungeon)
 15739 | D:10     | Noticed Erica
 15744 | D:10     | Killed Erica
 15744 | D:10     | Reached XP level 12. HP: 71/71 MP: 10/29
 15992 | D:11     | Found a staircase to the Orcish Mines.
 16394 | D:11     | Found a shimmering altar of Xom.
 16394 | D:11     | Found a shimmering altar of Xom.
 16394 | D:11     | Found a shimmering altar of Xom.
 16394 | D:11     | Found a shimmering altar of Xom.
 16394 | D:11     | Found a shimmering altar of Xom.
 16395 | D:11     | Found a shimmering altar of Xom.
 16544 | D:11     | Reached ***** piety under Dithmenos
 16818 | D:11     | Noticed a two-headed ogre
 16822 | D:11     | Killed a two-headed ogre
 16976 | D:11     | Reached skill level 10 in Dodging
 17025 | Orc:1    | Entered Level 1 of the Orcish Mines
 17220 | Orc:1    | Found Jial's General Store.
 17250 | Orc:1    | Paralysed by an orc sorcerer for 7 turns
 17601 | Orc:1    | Found a bloodstained altar of Trog.
 17730 | Orc:2    | Entered Level 2 of the Orcish Mines
 17730 | Orc:2    | Noticed a stone giant
 17735 | Orc:2    | Noticed an ettin
 18552 | Orc:2    | Found a staircase to the Elven Halls.
 18720 | Orc:2    | Killed a stone giant
 18922 | Orc:2    | Killed an ettin
 18922 | Orc:2    | Reached XP level 13. HP: 80/80 MP: 21/30
 19595 | Orc:2    | Found Adghol's Distillery.
 19636 | Orc:2    | Reached skill level 10 in Fighting
 20007 | Orc:2    | Found Efunaiz's General Store.
 20382 | Orc:2    | Reached ****** piety under Dithmenos
 20608 | Orc:2    | Paralysed by an orc sorcerer for 4 turns
 21520 | Orc:2    | Found Ranaeg's Gadget Shop.
 21520 | Orc:2    | Found Burauten's Antique Weapon Boutique.
 21520 | Orc:2    | Found a one-way gate leading to the halls of Pandemonium.
 21688 | Lair:1   | Entered Level 1 of the Lair of Beasts
 21899 | Lair:1   | Noticed Sonja
 21905 | Lair:1   | Killed Sonja
 22049 | Lair:1   | Found a frozen archway.
 22136 | IceCv    | Entered an ice cave
 22982 | IceCv    | Got a crude hand axe
 23141 | Lair:1   | Reached XP level 14. HP: 92/92 MP: 18/31
 24885 | Lair:2   | Learned a level 4 spell: Summon Lightning Spire
 25216 | Orc:1    | Bought a scroll of acquirement for 676 gold pieces
 25255 | D:11     | Noticed an emperor scorpion
 25315 | D:10     | Bought a manual of Conjurations for 1876 gold pieces
 26027 | Lair:2   | Reached skill level 13 in Conjurations
 26170 | Lair:2   | Identified the +10 hand axe of Mupenoh {chaos, *Rage Str+2
                  | Int+2} (You found it in an ice cave)
 26614 | Lair:3   | Reached skill level 14 in Conjurations
 26962 | Lair:3   | Learned a level 6 spell: Iron Shot
 27278 | Lair:3   | Reached skill level 15 in Conjurations
 27359 | Lair:3   | Found a staircase to the Swamp.
 27879 | Lair:3   | Reached skill level 16 in Conjurations
 28552 | Lair:4   | Reached skill level 17 in Conjurations
 28956 | Lair:4   | Found a hole to the Spider Nest.
 29233 | Lair:4   | Got a fine robe
 29365 | Lair:5   | Reached skill level 18 in Conjurations
 29636 | Lair:5   | You are sucked into a shaft!
 29636 | Lair:6   | Entered Level 6 of the Lair of Beasts
 29655 | Lair:5   | Identified the +2 robe "Paigaxzial" {+Inv Dex+2} (You found
                  | it on level 4 of the Lair of Beasts)
 29714 | Lair:5   | Found a viscous altar of Jiyva.
 29714 | Lair:5   | Found a staircase to the Slime Pits.
 29859 | Lair:5   | Reached XP level 15. HP: 99/99 MP: 30/32
 30145 | Lair:5   | Found a runed translucent door.
 30150 | Lair:5   | Noticed Baiput's ghost (journeyman GrFi)
 30213 | Lair:5   | Reached skill level 19 in Conjurations
 31226 | Lair:5   | You are sucked into a shaft!
 32753 | Lair:6   | Reached skill level 20 in Conjurations
 33713 | Lair:6   | Identified the Tome of Curses and the Volcanoes
 34223 | Orc:1    | Bought a scroll of blinking for 97 gold pieces
 34223 | Orc:1    | Bought 2 potions of heal wounds for 130 gold pieces
 34223 | Orc:1    | Bought a scroll of magic mapping for 45 gold pieces
 34252 | Orc:2    | Bought a potion of mutation for 96 gold pieces
 34403 | D:6      | Bought a glowing leather armour for 140 gold pieces
 34680 | D:12     | Reached skill level 15 in Dodging
 36519 | D:13     | Found Awuer's Antique Weapon Shop.
 37187 | D:14     | Reached XP level 16. HP: 98/107 MP: 0/33
 38193 | D:14     | Reached skill level 15 in Fighting
 38300 | D:14     | Found a gate to the Vaults.
 38756 | D:14     | Noticed a storm dragon
 38758 | D:14     | Noticed a storm dragon
 39045 | D:14     | Killed a storm dragon
 39138 | D:14     | Killed a storm dragon
 39345 | D:15     | Entered Level 15 of the Dungeon
 39355 | D:15     | Got a crude hand crossbow
 39369 | D:15     | Identified the +10 hand crossbow "Womoc" {penet, rF+ Str+4}
                  | (You found it on level 15 of the Dungeon)
 40590 | D:15     | Learned a level 7 spell: Orb of Destruction
 40799 | D:15     | Found a staircase to the Depths.
 41064 | Swamp:1  | Entered Level 1 of the Swamp
 41349 | Swamp:1  | Found a runed translucent gate.
 41349 | Swamp:1  | Found a runed translucent gate.
 41349 | Swamp:1  | Found a runed translucent gate.
 41349 | Swamp:1  | Noticed mhoghedin's ghost (adept KoFi)
 42721 | Swamp:2  | Reached skill level 1 in Armour
 43550 | Swamp:3  | Reached XP level 17. HP: 116/116 MP: 20/35
 43756 | Swamp:3  | Noticed a tentacled monstrosity
 43762 | Swamp:3  | Killed a tentacled monstrosity
 43984 | Swamp:3  | Learned a level 2 spell: Passwall
 43987 | Swamp:3  | Learned a level 2 spell: Sublimation of Blood
 43993 | Swamp:3  | Learned a level 5 spell: Bolt of Draining
 44799 | Swamp:4  | Entered Level 4 of the Swamp
 45673 | Swamp:4  | Reached skill level 5 in Armour
 45962 | Swamp:4  | HP: 1/117 [shambling mangrove (11)]
 46293 | Swamp:4  | Got a decaying rune of Zot
 46466 | Swamp:4  | Reached skill level 1 in Necromancy
 46466 | Swamp:4  | Reached skill level 1 in Earth Magic
 47266 | D:5      | Bought a scroll of brand weapon for 200 gold pieces
 47266 | D:5      | Bought a scroll of enchant weapon for 75 gold pieces
 47271 | D:5      | Learned a level 2 spell: Swiftness
 47280 | D:5      | Learned a level 5 spell: Lightning Bolt
 47441 | Spider:1 | Entered Level 1 of the Spider Nest
 48107 | Spider:1 | Noticed Nikola
 48118 | Spider:1 | Killed Nikola
 48147 | Spider:1 | Noticed Louise
 48188 | Spider:1 | Killed Louise
 49942 | Spider:2 | Reached XP level 18. HP: 124/124 MP: 28/37
 50228 | Spider:2 | Reached skill level 5 in Earth Magic
 50229 | Spider:2 | Reached skill level 5 in Necromancy
 51510 | Spider:3 | Found a runed translucent door.
 51510 | Spider:3 | Found a shimmering altar of Xom.
 51510 | Spider:3 | Noticed Ratty's ghost (journeyman DsNe)
 51510 | Spider:3 | Identified the +2 dire flail "Jelly's Death" {chaos, Int+2}
 51588 | Spider:3 | Killed Ratty's ghost
 51867 | Spider:4 | Entered Level 4 of the Spider Nest
 51881 | Spider:4 | Noticed Arachne
 51894 | Spider:4 | Killed Arachne
 53368 | Spider:4 | Reached skill level 1 in Air Magic
 53474 | Spider:4 | Reached skill level 1 in Summonings
 53686 | Spider:4 | Noticed Agnes
 53692 | Spider:4 | Killed Agnes
 53759 | Spider:4 | Identified Roxanne's Tome of Earth
 53759 | Spider:4 | Noticed Roxanne
 53776 | Spider:4 | Killed Roxanne
 53776 | Spider:4 | Reached skill level 1 in Charms
 53776 | Spider:4 | Reached skill level 1 in Translocations
 53776 | Spider:4 | Reached skill level 1 in Transmutations
 54936 | Spider:4 | HP: 1/124 [spark wasp (14)]
 55821 | Spider:4 | Got a gossamer rune of Zot
 56769 | Elf:1    | Entered Level 1 of the Elven Halls
 56930 | Elf:1    | Reached XP level 19. HP: 128/128 MP: 9/38
 57625 | Elf:1    | Reached skill level 5 in Air Magic
 57719 | Elf:1    | Reached skill level 10 in Armour
 58008 | Elf:1    | Reached skill level 1 in Long Blades
 58037 | Elf:1    | Found Dosmawn's Antique Weapon Shoppe.
 58037 | Elf:1    | Found Fynn's Weapon Emporium.
 58260 | Elf:1    | Found Pissoras's Distillery.
 58630 | Elf:2    | Found a runed translucent gate.
 58637 | Elf:2    | Found a runed translucent gate.
 58646 | Elf:2    | Found a runed translucent gate.
 58678 | Elf:2    | Reached skill level 5 in Long Blades
 58695 | Elf:2    | HP: 6/128 [hell knight/+1 great mace of flaming (21)]
 58695 | Elf:2    | Slain by a hell knight

Vault maps used:
D:1:      minmay_arrival_stair_chambers, serial_curves, eino_curves_04,
          eino_curves_04, chequers_hall_statues_corner_a, minmay_misc_feat_chi,
          chequers_serial_rivers_micro_b
D:3:      chequers_ecumenical_altar_simple, gup_sewer_entry_bubbles,
          serial_bayou_pond_d, uniq_terence
D:4:      minmay_inner_zag, first_ration
D:5:      serial_shops, nicolae_shop_stone, lemuel_statue_altar, uniq_grinder,
          uniq_eustachio, uniq_pikel
D:6:      okawaru_gym_becter, serial_shops, shop, nicolae_shop_behind_doors,
          nicolae_shop_stone, nicolae_shop_crystal, serial_undead,
          serial_undead_b, serial_undead_f, serial_undead_e, serial_undead_d,
          grunt_gozag_breadcrumbs
D:7:      yredelemnul_forgotten_temple_becter, grunt_dithmenos_smoke,
          grunt_temple_overflow_open, minmay_temple_entry_junction_2,
          grunt_livestock, st_stairs_5, tgw_sif
D:8:      erik_lair_orcish_takeover, uniq_harold
D:9:      minmay_the_grid_triangle_9x9_rhombus_thin_mashed,
          nicolae_tso_besieged_by_evil, serial_park, serial_park_tiny_1,
          serial_park_tiny_pond, serial_shops, shop, uniq_joseph
D:10:     nicolae_blasting_shop, minivault_14, uniq_erica
D:11:     zombieorc2_lemuel, gauntlet_entry_generic, xom_shifter_show
D:13:     serial_shops, shop
D:14:     thingy_vault, david_vaults_5
D:15:     hangedman_depths_entry_try_elsewhere_first,
          hangedman_abyss_or_decor_stabs
Temple:   regret_index_temple_sphere_string
Lair:1:   portal_ice_cave_demonic_guard, chequers_serial_rivers_marsh,
          beast_lair_carwin_4, uniq_sonja
Lair:2:   infiniplex_staircase_pool, serial_bayou_shore_b
Lair:3:   lemuel_reptile_caves, swamp_mist
Lair:4:   nicolae_spider_entry_tight_spaces, st_stairs_8, lemuel_fruit_fields
Lair:5:   slime_altar_1, gammafunk_ghost_grave, minivault_29
Lair:6:   gammafunk_lair_ancient_temple, serial_bayou_shore_a
Swamp:1:  ebering_ghost_rock_garden, hangedman_swamp_ruin_hall
Swamp:2:  hangedman_swamp_lotus
Swamp:3:  evilmike_swamp_ruin_house_5
Swamp:4:  swamp, swamp_pool3, statue_in_the_mist_lemuel
Spider:1: uniq_louise, uniq_nikola
Spider:2: drop_trap
Spider:3: ebering_ghost_xom
Spider:4: guppyfry_spider_rune, hangedman_spider_tarantella_strand,
          uniq_arachne, uniq_roxanne, uniq_agnes
Orc:1:    serial_shops, shop_fountains, basic_altar
Orc:2:    pf_orc_diabolical
Elf:1:    eino_elf_arrival_customs, serial_shops, shop, minivault_28,
          minmay_shoptagon
Elf:2:    basic_altar, minmay_misc_feat_columns, sword_in_stone, uniq_asterion
Sewer:    sewer_minmay_w
IceCv:    ice_cave_statue_garden_chambered

Skill      XL: |  1  2  3  4  5  6  7  8  9 10 11 12 13 14 15 16 17 18 19 |
---------------+----------------------------------------------------------+-----
Conjurations   | 6 7 8 10 12 18 20 | 20.0
Spellcasting   | 3 4 5 8 10 12 13 14 | 14.5
Shields        | 4 |  4.2
Fighting       | 1 6 9 12 13 14 16 17 | 17.2
Dodging        | 8 12 13 15 | 15.4
Armour         | 2 5 9 10 | 10.1
Necromancy     | 4 5 |  5.0
Earth Magic    | 4 5 |  5.0
Air Magic      | 4 5 |  5.0
Summonings     | 3 4 |  4.3
Charms         | 2 |  2.9
Translocations | 2 3 |  3.0
Transmutations | 2 |  2.9
Long Blades    | 5 |  5.0
Stealth        | |  2.0

Action                   |  1- 3 |  4- 6 |  7- 9 | 10-12 | 13-15 | 16-18 | 19-21 || total
-------------------------+-------+-------+-------+-------+-------+-------+-------++-------
Melee: Kick              |     1 |     2 |    16 |    95 |   127 |   180 |    34 ||   455
       Unarmed           |     1 |       |       |       |       |       |       ||     1
       Trident           |     2 |     9 |       |       |       |       |       ||    11
       Long sword        |       |       |    48 |   126 |       |       |       ||   174
       Peck              |       |       |     4 |    56 |    82 |   117 |    13 ||   272
       Scimitar          |       |       |       |   126 |   260 |   486 |    86 ||   958
 Cast: Magic Dart        |    30 |    92 |    66 |    10 |   447 |    21 |       ||   666
       Searing Ray       |     2 |     9 |     1 |       |       |       |       ||    12
       Iskenderun's Myst |       |       |   158 |   342 |   600 |   111 |       ||  1211
       Confusing Touch   |       |       |     1 |       |       |     1 |       ||     2
       Iron Shot         |       |       |       |       |    13 |    31 |       ||    44
       Orb of Destructio |       |       |       |       |       |   207 |    13 ||   220
       Bolt of Draining  |       |       |       |       |       |   157 |    42 ||   199
       Force Lance       |       |       |       |       |       |     1 |       ||     1
 Abil: Fly               |       |     1 |       |       |       |       |       ||     1
       Evoke Invisibilit |       |       |       |       |     1 |       |       ||     1
Evoke: Wand              |       |       |       |    14 |    20 |    45 |     1 ||    80
  Use: Potion            |       |       |     1 |     8 |     2 |     4 |     4 ||    19
       Scroll            |       |       |       |    19 |    17 |    17 |     1 ||    54
 Stab: Sleeping          |       |     1 |       |     2 |     1 |     1 |       ||     5
       Paralysed         |       |       |       |       |     4 |     1 |       ||     5
       Distracted        |       |       |       |       |     1 |       |       ||     1
       Invisible         |       |       |       |       |     1 |       |       ||     1
  Eat: Chunk             |       |     5 |    19 |    31 |    37 |    44 |     7 ||   143
       Ration            |       |       |     5 |     1 |     6 |    34 |     2 ||    48
Armor: Robe              |     1 |       |       |    27 |    72 |    14 |       ||   114
       Leather armour    |     1 |    10 |    12 |    69 |       |       |       ||    92
       Skin              |       |       |       |    58 |       |       |       ||    58
       Swamp dragon scal |       |       |       |       |       |   207 |    25 ||   232
Dodge: Dodged            |     8 |    22 |    84 |   364 |   661 |  1184 |   166 ||  2489
Block: Buckler           |       |       |       |   145 |   265 |   403 |    50 ||   863
       Rpst.: Long sword |       |       |    24 |    59 |       |       |       ||    83
       Scimitar          |       |       |       |    30 |   136 |   209 |    32 ||   407

Table legend:
 A = Non-vault XP
 B = Vault XP
 C = Vault XP percentage of total XP
 D = Non-vault monster count
 E = Vault monster count
 F = Vault count percentage of total count
                 A         B        C        D         E       F
            +---------+---------+-------+---------+---------+-------
      Total |  204960 |  139445 |  40.5 |     878 |     485 |  35.6
            +---------+---------+-------+---------+---------+-------
        D:1 |      38 |       0 |   0.0 |      22 |       0 |   0.0
        D:2 |      78 |       0 |   0.0 |      18 |       0 |   0.0
        D:3 |      51 |      55 |  51.9 |      16 |       8 |  33.3
        D:4 |     737 |       8 |   1.1 |      21 |       3 |  12.5
        D:5 |     232 |    1162 |  83.4 |       6 |       3 |  33.3
        D:6 |     724 |     447 |  38.2 |      22 |       6 |  21.4
        D:7 |     759 |    1289 |  62.9 |      19 |       9 |  32.1
        D:8 |    2009 |    1536 |  43.3 |      34 |      10 |  22.7
        D:9 |    2412 |    6108 |  71.7 |      25 |      40 |  61.5
       D:10 |    1852 |     960 |  34.1 |      30 |       1 |   3.2
       D:11 |    5657 |     846 |  13.0 |      22 |      36 |  62.1
       D:12 |    8012 |       0 |   0.0 |      49 |       0 |   0.0
       D:13 |    5246 |       0 |   0.0 |      23 |       0 |   0.0
       D:14 |    9460 |   13655 |  59.1 |      38 |      30 |  44.1
       D:15 |    7935 |    3176 |  28.6 |      27 |       4 |  12.9
     Lair:1 |    8650 |    3918 |  31.2 |      30 |      11 |  26.8
     Lair:2 |    8363 |       0 |   0.0 |      28 |       0 |   0.0
     Lair:3 |    5506 |    2948 |  34.9 |      24 |      32 |  57.1
     Lair:4 |    2551 |    1656 |  39.4 |      14 |       7 |  33.3
     Lair:5 |    6030 |    6719 |  52.7 |      25 |      45 |  64.3
     Lair:6 |    6915 |    8541 |  55.3 |      33 |      26 |  44.1
    Swamp:1 |   10864 |       0 |   0.0 |      33 |       0 |   0.0
    Swamp:2 |    8326 |       0 |   0.0 |      30 |       0 |   0.0
    Swamp:3 |   16355 |       0 |   0.0 |      27 |       0 |   0.0
    Swamp:4 |    9020 |   16710 |  64.9 |      20 |      26 |  56.5
   Spider:1 |    5339 |    5803 |  52.1 |      17 |       2 |  10.5
   Spider:2 |   16047 |       0 |   0.0 |      51 |       0 |   0.0
   Spider:3 |   14269 |    3978 |  21.8 |      33 |       3 |   8.3
   Spider:4 |   13946 |   30463 |  68.6 |      36 |      45 |  55.6
      Orc:1 |    2970 |       0 |   0.0 |      26 |       0 |   0.0
      Orc:2 |    5686 |   13250 |  70.0 |      48 |      58 |  54.7
      Elf:1 |   15709 |   10272 |  39.5 |      25 |      17 |  40.5
      Elf:2 |    3212 |    2845 |  47.0 |       6 |       4 |  40.0
      Sewer |       0 |     335 | 100.0 |       0 |      48 | 100.0
      IceCv |       0 |    2765 | 100.0 |       0 |      11 | 100.0
            +---------+---------+-------+---------+---------+-------
